Map: Heavy Artillery LE

Players

Duffman

  • Race: Terran Terran
  • Spawn Location: 3:00

Ivadios

  • Race: Zerg Zerg
  • League: Bronze
  • Spawn Location: 1:00

Glückspilz - Winner!

  • Race: Terran Terran
  • League: Diamond
  • Spawn Location: 7:00

Lexabarbos - Winner!

  • Race: Terran Terran
  • League: Gold
  • Spawn Location: 7:00

VOD

Have the link to the VOD?

Description

Time

  • Played on: June 4, 2020, 2:05 p.m.
  • Length: 11:49
Show
View Real Time Build Order
Export as new Build Order

Duffman Terran 

Build Orders:  

Get SALT Encoding   

  12  0:01  SCV  
  13  0:20  Supply Depot  
  13  0:21  SCV  
  13  0:25  Refinery  
  14  0:33  SCV  
  15  0:42  Barracks  
  15  0:51  SCV  
  16  1:04  SCV  
  17  1:16  Supply Depot  
  17  1:23  Barracks  
  17  1:30  Barracks  
  17  1:33  Reaper  
  18  1:47  Barracks  
  18  2:05  Marine  
  19  2:11  Orbital Command  
  19  2:37  Marine x3  
  22  2:54  Marine  
  22  2:55  Marine x2  
  25  3:08  Marine  
  25  3:12  Marine x2  
  24  3:15  Marine  
  27  3:26  Marine  
  28  3:27  Command Center  
  28  3:28  Refinery  
  28  3:30  Marine x2  
  28  3:31  Supply Depot  
  28  3:32  Marine  
  31  3:45  Marine  
  31  3:52  Marine x3  
  33  4:06  Marine  
  34  4:10  Marine x2  
  34  4:12  Supply Depot  
  34  4:16  SCV  
  38  4:23  Marine  
  39  4:27  Barracks Tech Lab  
  39  4:28  SCV  
  39  4:33  Marine x2  
  39  4:40  SCV  
  39  4:41  Marine  
  39  4:49  Marine  
  39  4:51  Marine x2, Stimpack  
  42  4:56  Factory  
  42  5:07  Marine  
  42  5:13  Orbital Command  
  43  5:25  Barracks Reactor  
  43  5:26  Marauder  
  43  5:27  SCV  
  46  5:37  Engineering Bay  
  46  5:38  Engineering Bay  
  46  5:47  SCV  
  46  5:48  SCV  
  48  5:54  Barracks Reactor x2  
  48  5:59  SCV  
  48  6:00  Factory Tech Lab  
  49  6:07  Starport  
  49  6:08  Terran Infantry Armor Level 1  
  49  6:14  SCV x2  
  51  6:20  Refinery  
  51  6:26  SCV x2  
  51  6:32  Marine x5  
  54  6:33  Marine  
  54  6:38  SCV x2, Terran Infantry Weapons Level 1  
  61  6:49  Supply Depot  
  61  6:50  SCV x2  
  61  6:54  Missile Turret  
  63  6:58  Missile Turret  
  57  7:27  Missile Turret  
  56  8:09  SCV x2  
  56  8:11  Marine x3  
  56  8:12  Marine x2  
  62  8:13  Marine  
  62  8:14  Marauder  
  62  8:17  Starport Reactor  
  66  8:21  SCV x2  
  66  8:22  Armory  
  68  8:28  Missile Turret  
  68  8:34  Combat Shield  
  57  9:25  Marine x6  
  57  9:26  Marauder  
  57  9:28  Medivac x2  
  69  9:34  SCV x2  
  71  9:44  Marine x6  
  77  9:46  SCV  
  78  9:52  Concussive Shells  
  78  9:53  Supply Depot  
  78  9:54  Supply Depot  
  78  10:13  Supply Depot  
  78  10:14  SCV, Marine x7  
  78  10:16  Medivac x2  
  90  10:28  Command Center  
  90  10:32  Marine x2  
  90  10:33  Marauder  
  94  10:46  Medivac x2  
  94  10:47  Marine x3  
  94  10:48  Marine  
  102  10:52  Supply Depot  
  102  11:01  Marine, Marauder  
  51  11:22  Marine x6  
  51  11:23  Marauder  
Show
View Real Time Build Order
Export as new Build Order

Ivadios Zerg 

Build Orders: Pool First 

Get SALT Encoding   

  12  0:08  Drone x2  
  14  0:28  Overlord x2  
  14  0:49  Extractor  
  13  1:03  Spawning Pool  
  12  1:16  Evolution Chamber  
  11  1:19  Drone x3  
  14  1:52  Zergling x4  
  16  1:55  Queen  
  18  2:18  Zerg Melee Weapons Level 1  
  18  2:21  Hatchery  
  17  2:38  Zergling x6  
  20  3:03  Metabolic Boost  
  20  3:29  Spine Crawler  
  19  3:47  Drone x4  
  19  3:48  Drone x3  
  26  4:22  Spine Crawler  
  25  4:31  Overlord x5  
  25  4:37  Zergling x8  
  29  4:52  Queen  
  31  5:14  Lair  
  31  5:16  Zerg Missile Weapons Level 1  
  31  5:27  Extractor  
  30  5:33  Drone x2  
  30  5:34  Drone x4  
  36  6:09  Extractor  
  35  6:33  Drone  
  35  6:34  Drone x5  
  41  7:10  Zerg Ground Armor Level 1  
  41  7:17  Spore Crawler  
  41  7:22  Spore Crawler  
  39  7:32  Drone x3  
  39  7:33  Drone  
  40  8:07  Zergling x10  
  40  8:08  Zergling x4  
  47  8:25  Drone x2  
  49  8:47  Overlord  
  49  8:48  Overlord  
  49  8:49  Overlord x5  
  49  9:04  Zerg Melee Weapons Level 2  
  33  10:23  Drone x2  
  33  10:24  Drone  
  36  10:32  Drone x6  
  36  10:33  Drone  
  43  11:34  Drone x2  
  43  11:35  Drone  
Show
View Real Time Build Order
Export as new Build Order

Glückspilz Terran - Winner!

Build Orders: 2 Factory, Cyclone Opening, Mech 

Get SALT Encoding   

  12  0:00  SCV  
  13  0:12  SCV  
  14  0:17  Supply Depot  
  14  0:25  SCV  
  14  0:27  Refinery  
  15  0:39  SCV  
  16  0:44  Barracks  
  16  0:54  SCV  
  17  0:57  Refinery  
  17  1:06  SCV  
  18  1:20  SCV  
  19  1:33  Orbital Command  
  19  1:34  Factory  
  19  1:37  Reaper  
  20  1:46  Supply Depot  
  20  2:00  SCV  
  21  2:10  Reaper  
  21  2:12  SCV  
  23  2:19  Factory Tech Lab  
  23  2:25  Command Center  
  23  2:37  SCV  
  24  2:42  Mag-Field Accelerator  
  24  2:46  Cyclone  
  27  2:59  SCV  
  27  3:03  Supply Depot  
  28  3:06  Factory  
  28  3:18  SCV  
  29  3:28  Cyclone  
  29  3:30  SCV  
  33  3:37  Orbital Command  
  33  3:42  SCV  
  33  3:44  Refinery  
  34  3:58  Factory Tech Lab  
  34  4:05  SCV x2  
  36  4:13  Starport  
  36  4:14  Factory  
  36  4:17  SCV  
  40  4:24  Cyclone  
  39  4:40  Cyclone  
  38  4:47  SCV x2  
  40  4:59  SCV  
  41  5:02  Starport Tech Lab  
  41  5:05  SCV  
  41  5:06  Factory Reactor  
  42  5:11  SCV  
  43  5:17  SCV  
  43  5:18  Siege Tank x2  
  50  5:23  SCV  
  50  5:24  Refinery  
  51  5:29  Banshee  
  54  5:40  Cloaking Field  
  54  5:42  Supply Depot  
  54  5:53  Supply Depot  
  54  5:54  Supply Depot  
  54  6:03  SCV x2  
  54  6:04  Hellion x2  
  60  6:14  Supply Depot  
  60  6:15  SCV x2, Cyclone x2  
  68  6:27  SCV x2  
  68  6:32  Factory  
  70  6:33  Factory  
  72  6:40  SCV x2  
  72  6:42  Infernal Pre-Igniter  
  72  6:49  Banshee  
  72  6:52  Cyclone  
  72  6:53  Hellion x2  
  84  6:54  Hellion  
  84  7:09  SCV  
  84  7:10  SCV  
  84  7:13  Supply Depot  
  86  7:32  Factory  
  86  7:35  SCV, Cyclone, Hellion x2  
  86  7:36  Command Center  
  94  7:45  Factory Tech Lab x2  
  94  7:56  Banshee  
  94  8:09  Supply Depot  
  94  8:10  Supply Depot  
  94  8:14  Refinery  
  94  8:15  Refinery  
  94  8:16  Armory  
  94  8:17  Armory  
  94  8:30  Cyclone x2, Hellion  
  94  8:31  SCV, Cyclone  
  94  8:32  Hellion x2  
  110  8:40  Factory Tech Lab  
  110  8:47  SCV, Banshee  
  114  8:55  Orbital Command  
  103  9:29  Cyclone x4, Hellion x3  
  118  9:36  SCV  
  118  9:37  SCV  
  120  9:40  Orbital Command  
  120  9:46  Factory  
  120  9:48  SCV  
  120  9:49  SCV, Factory  
  120  9:50  Cyclone, Hellion, Terran Vehicle Weapons Level 1  
  120  9:51  Hellion  
  128  10:01  SCV x2, Cyclone x2, Hellion  
  136  10:07  SCV  
  136  10:13  SCV x2  
  139  10:19  SCV  
  140  10:25  SCV x2  
  142  10:31  SCV  
  143  10:37  SCV x2  
  143  10:41  Factory Tech Lab x2  
  145  10:43  SCV  
  145  10:46  Factory  
  145  10:49  SCV, Supply Depot  
  121  11:09  Cyclone x5, Hellion x4  
  118  11:11  Supply Depot  
  125  11:45  Command Center  
Show
View Real Time Build Order
Export as new Build Order

Lexabarbos Terran - Winner!

Build Orders: Reaper Expand 

Get SALT Encoding   

  12  0:01  SCV  
  13  0:13  SCV  
  14  0:25  SCV  
  15  0:31  Supply Depot  
  15  0:45  Refinery  
  15  0:53  SCV  
  16  0:59  Barracks  
  16  1:05  SCV  
  17  1:17  SCV  
  18  1:27  Command Center  
  18  1:29  SCV  
  19  1:40  Refinery  
  19  1:41  SCV  
  19  1:46  Reaper  
  21  1:57  Orbital Command  
  21  2:19  Factory  
  21  2:20  Barracks Tech Lab  
  21  2:25  SCV  
  22  2:37  SCV  
  23  2:53  Marine  
  23  3:11  Marine  
  24  3:22  SCV  
  24  3:24  Starport  
  24  3:25  Factory Tech Lab  
  24  3:27  SCV, Starport  
  26  3:28  Marine  
  27  3:34  SCV  
  27  3:38  Bunker  
  27  3:39  SCV  
  29  3:51  SCV  
  30  4:04  SCV  
  30  4:08  Starport Tech Lab  
  30  4:09  Starport Tech Lab  
  31  4:14  Command Center  
  31  4:16  SCV  
  32  4:19  Fusion Core  
  32  4:21  SCV  
  33  4:25  Refinery  
  33  4:28  SCV  
  33  4:29  Refinery  
  34  4:32  Supply Depot  
  34  4:33  SCV, Siege Tank  
  38  4:51  Supply Depot  
  38  4:53  SCV x2  
  38  4:54  Supply Depot  
  40  5:05  Siege Tank, Supply Depot  
  40  5:06  Refinery  
  40  5:07  Marine  
  44  5:19  Weapon Refit  
  44  5:24  Marine  
  44  5:25  Supply Depot  
  44  5:28  SCV  
  46  5:29  SCV  
  47  5:37  Bunker  
  47  5:38  Siege Tank  
  47  5:40  SCV  
  47  5:41  SCV  
  47  5:42  Marine  
  53  5:52  SCV  
  53  5:53  SCV  
  53  5:55  SCV  
  56  6:00  Marine  
  57  6:05  SCV  
  57  6:08  SCV, Supply Depot  
  57  6:11  Battlecruiser  
  65  6:17  SCV  
  66  6:20  SCV  
  67  6:37  SCV, Refinery  
  68  6:41  Orbital Command  
  68  6:47  Battlecruiser  
  68  6:49  SCV  
  75  7:04  Orbital Command  
  75  7:20  Battlecruiser  
  81  7:34  Starport  
  81  7:36  SCV, Armory  
  82  7:48  SCV  
  83  7:57  Armory, Battlecruiser  
  89  8:00  SCV  
  90  8:06  SCV  
  90  8:12  SCV  
  92  8:18  SCV  
  92  8:19  Command Center  
  93  8:20  Starport Tech Lab  
  93  8:24  SCV  
  93  8:25  Starport, Terran Vehicle And Ship Armor Level 1  
  94  8:34  Battlecruiser  
  94  8:36  SCV x2  
  102  8:47  Supply Depot  
  102  8:48  Supply Depot  
  102  8:50  Battlecruiser  
  102  8:51  Terran Ship Weapons Level 1  
  102  8:54  SCV  
  109  9:08  Starport Tech Lab  
  109  9:09  SCV  
  110  9:10  Battlecruiser, Supply Depot  
  116  9:25  Supply Depot  
  116  9:26  SCV  
  116  9:29  Battlecruiser  
  123  9:33  Supply Depot  
  123  9:38  SCV  
  123  9:41  Battlecruiser  
  130  9:56  Supply Depot  
  130  10:01  Battlecruiser  
  136  10:11  SCV  
  137  10:23  SCV, Battlecruiser, Refinery  
  144  10:31  Refinery  
  144  10:35  SCV, Supply Depot  
  145  10:42  Battlecruiser  
  151  10:47  SCV  
  152  10:57  Supply Depot  
  152  10:59  SCV  
  159  11:21  Supply Depot  
Tags
 
Add a new tag
Caveats
  • Supply blocks, unpowered buildings, or Contaminate may cause inaccurate times.
  • Supply counts are checked every 10 seconds.